SA
DELAWARE 1787 BC @ NEBRASKA PLAINSMEN
08/18/2029
 
TOP OF THE 1ST
Delaware 1787 BC batting - Pitching for Nebraska Plainsmen : RHP César Román
Pitching: RHP César Román
Batting: LHB Xuan-ling Liao 0-0: Ball
1-0: Foul Ball, location: 2F
1-1: Ground out 4-3 (Groundball, 4)
Batting: RHB Mike Pate 0-0: Called Strike
0-1: Bunted foul
0-2: Ball
1-2: Strikes out swinging
Batting: RHB Jeff Quesenberry 0-0: SINGLE (Line Drive, 8LS)
Batting: LHB Bryce Abood 0-0: Ball
1-0: Ball
2-0: Foul Ball, location: 2F
2-1: Ball
3-1: Fly out, F5 (Popup, 56)
Top of the 1st over - 0 runs, 1 hit, 0 errors, 1 left on base; Delaware 0 - Nebraska 0
BOTTOM OF THE 1ST
Nebraska Plainsmen batting - Pitching for Delaware 1787 BC : RHP Rudy Byrd
Pitching: RHP Rudy Byrd
Batting: LHB Yin-reng Hsueh 0-0: Ball
1-0: Swinging Strike
1-1: Swinging Strike
1-2: Strikes out swinging
Batting: SHB Cyrille Baffi 0-0: Foul Ball, location: 2F
0-1: Ball
1-1: Ball
2-1: Swinging Strike
2-2: Ball
3-2: Base on Balls
Batting: SHB Allen Pandey 0-0: Ball
1-0: Called Strike
1-1: Ball
2-1: Ball
3-1: Called Strike
3-2: Fly out, F9 (Flyball, 9)
Batting: LHB Gerardo Ponce de Leon 0-0: Swinging Strike
0-1: Ball
1-1: Ball
2-1: SINGLE (Flyball, 9LM)
Cyrille Baffi to second
Runner from 2nd tries for 3rd, SAFE, no throw
Batting: RHB Alco Compagne 0-0: Called Strike
0-1: Called Strike
0-2: Strikes out looking
Bottom of the 1st over - 0 runs, 1 hit, 0 errors, 2 left on base; Delaware 0 - Nebraska 0
TOP OF THE 2ND
Delaware 1787 BC batting - Pitching for Nebraska Plainsmen : RHP César Román
Batting: SHB Curt Pack 0-0: Called Strike
0-1: Ball
1-1: Ball
2-1: Ball
3-1: Base on Balls
Batting: RHB Toyozo Yamasaki 0-0: Ball
1-0: Ball
2-0: Foul Ball, location: 2F
2-1: Ball
3-1: Base on Balls
Curt Pack to second
Batting: LHB Hai-feng Tang 0-0: SINGLE (Flyball, 7LM)
Curt Pack to third
Toyozo Yamasaki to second
Batting: RHB Tobias Jimenez 0-0: Ball
1-0: Ball
2-0: Called Strike
2-1: Ball
3-1: Base on Balls
Curt Pack scores
Toyozo Yamasaki to third
Hai-feng Tang to second
Batting: RHB Ryobe Sasaki 0-0: Ball
1-0: Swinging Strike
1-1: SINGLE (Groundball, 34D)
Toyozo Yamasaki scores
Hai-feng Tang to third
Tobias Jimenez to second
Runner from 3rd tries for Home, SAFE, no throw
Batting: LHB Xuan-ling Liao 0-0: Ball
1-0: Called Strike
1-1: Called Strike
1-2: Foul Ball, location: 2F
1-2: Strikes out swinging
Batting: RHB Mike Pate 0-0: Foul Ball, location: 2F
0-1: Called Strike
0-2: Foul Ball, location: 2F
0-2: Ball
1-2: Ball
2-2: Ball
3-2: Strikes out swinging
Batting: RHB Jeff Quesenberry 0-0: Called Strike
0-1: Foul Ball, location: 2F
0-2: Fly out, F9 (Flyball, 89M)
Top of the 2nd over - 3 runs, 2 hits, 0 errors, 2 left on base; Delaware 3 - Nebraska 0
BOTTOM OF THE 2ND
Nebraska Plainsmen batting - Pitching for Delaware 1787 BC : RHP Rudy Byrd
Batting: RHB Shelby Loudenslager 0-0: Called Strike
0-1: Foul Ball, location: 2F
0-2: Foul Ball, location: 2F
0-2: Ball
1-2: Foul Ball, location: 2F
1-2: Foul Ball, location: 2F
1-2: Ball
2-2: Foul Ball, location: 2F
2-2: Strikes out swinging
Batting: LHB Bob Knutson 0-0: Foul Ball, location: 2F
0-1: SINGLE (Groundball, 3D)
Batting: RHB Hamilton Swan 0-0: Swinging Strike
0-1: Ball
1-1: Ball
2-1: Called Strike
2-2: Strikes out swinging
Batting: RHB José Durán 0-0: Ball
1-0: Foul Ball, location: 2F
1-1: Ball
2-1: Ground out 1-3 (Groundball, 15)
Bottom of the 2nd over - 0 runs, 1 hit, 0 errors, 1 left on base; Delaware 3 - Nebraska 0
TOP OF THE 3RD
Delaware 1787 BC batting - Pitching for Nebraska Plainsmen : RHP César Román
Batting: LHB Bryce Abood 0-0: Called Strike
0-1: Ball
1-1: Foul Ball, location: 2F
1-2: Fly out, F8 (Flyball, 8LS)
Batting: SHB Curt Pack 0-0: Ball
1-0: Ball
2-0: Foul Ball, location: 2F
2-1: Ball
3-1: Called Strike
3-2: DOUBLE (Line Drive, 89D)
Batting: RHB Toyozo Yamasaki 0-0: Called Strike
0-1: Ball
1-1: Foul Ball, location: 2F
1-2: Fly out, F7 (Line Drive, 7)
Batting: LHB Hai-feng Tang 0-0: Ball
1-0: Ground out 3-1 (Groundball, 34S)
Top of the 3rd over - 0 runs, 1 hit, 0 errors, 1 left on base; Delaware 3 - Nebraska 0
BOTTOM OF THE 3RD
Nebraska Plainsmen batting - Pitching for Delaware 1787 BC : RHP Rudy Byrd
Batting: LHB Yin-reng Hsueh 0-0: Called Strike
0-1: Ball
1-1: Ball
2-1: Fly out, F9 (Flyball, 9LSF)
Batting: SHB Cyrille Baffi 0-0: Ball
1-0: Ball
2-0: Foul Ball, location: 2F
2-1: Swinging Strike
2-2: SINGLE (Line Drive, 8RS)
Batting: SHB Allen Pandey 0-0: Ball
1-0: Ball
Cyrille Baffi steals 2nd base
2-0: Ball
3-0: Called Strike
3-1: Fly out, F8 (Flyball, 8LS)
Batting: LHB Gerardo Ponce de Leon 0-0: Foul Ball, location: 2F
0-1: Ball
1-1: Ball
2-1: Foul Ball, location: 2F
2-2: Ground out 4-3 (Groundball, 4)
Bottom of the 3rd over - 0 runs, 1 hit, 0 errors, 1 left on base; Delaware 3 - Nebraska 0
TOP OF THE 4TH
Delaware 1787 BC batting - Pitching for Nebraska Plainsmen : RHP César Román
Batting: RHB Tobias Jimenez 0-0: Swinging Strike
0-1: Foul Ball, location: 2F
0-2: Ball
1-2: Strikes out looking
Batting: RHB Ryobe Sasaki 0-0: Ball
1-0: Fly out, F8 (Flyball, 8RM)
Batting: LHB Xuan-ling Liao 0-0: Foul Ball, location: 2F
0-1: Ball
1-1: Foul Ball, location: 2F
1-2: Foul Ball, location: 2F
1-2: Ball
2-2: SINGLE (Line Drive, 8RS)
Batting: RHB Mike Pate 0-0: Ball
Xuan-ling Liao steals 2nd base
1-0: Called Strike
1-1: Swinging Strike
1-2: Strikes out swinging
Top of the 4th over - 0 runs, 1 hit, 0 errors, 1 left on base; Delaware 3 - Nebraska 0
BOTTOM OF THE 4TH
Nebraska Plainsmen batting - Pitching for Delaware 1787 BC : RHP Rudy Byrd
Batting: RHB Alco Compagne 0-0: Called Strike
0-1: Swinging Strike
0-2: Ground out 1-3 (Groundball, 15)
Batting: RHB Shelby Loudenslager 0-0: Fly out, F8 (Line Drive, 8LD)
Batting: LHB Bob Knutson 0-0: Foul Ball, location: 2F
0-1: Called Strike
0-2: Strikes out swinging
Bottom of the 4th over - 0 runs, 0 hits, 0 errors, 0 left on base; Delaware 3 - Nebraska 0
TOP OF THE 5TH
Delaware 1787 BC batting - Pitching for Nebraska Plainsmen : RHP César Román
Batting: RHB Jeff Quesenberry 0-0: Foul Ball, location: 2F
0-1: Fly out, F6 (Line Drive, 6)
Batting: LHB Bryce Abood 0-0: Ball
1-0: Called Strike
1-1: Ball
2-1: SINGLE (Flyball, 89S)
Batting: SHB Curt Pack 0-0: Ball
1-0: Ball
2-0: Foul Ball, location: 2F
2-1: Foul Ball, location: 2F
2-2: Ball
3-2: Foul Ball, location: 2F
3-2: Base on Balls
Bryce Abood to second
Batting: RHB Toyozo Yamasaki 0-0: Ball
1-0: Ball
2-0: Ball
3-0: Called Strike
3-1: Base on Balls
Bryce Abood to third
Curt Pack to second
Batting: LHB Hai-feng Tang 0-0: Called Strike
0-1: DOUBLE (Line Drive, 9LS)
Bryce Abood scores
Curt Pack scores
Toyozo Yamasaki to third
Batting: RHB Tobias Jimenez 0-0: Called Strike
0-1: Ball
1-1: Ball
2-1: Swinging Strike
2-2: Foul Ball, location: 2F
2-2: Foul Ball, location: 2F
2-2: Ground out 4-3 (Groundball, 4)
Toyozo Yamasaki scores
Hai-feng Tang to third
Batting: RHB Ryobe Sasaki 0-0: Swinging Strike
0-1: Swinging Strike
0-2: Ground out 1-3 (Groundball, 15S)
Top of the 5th over - 3 runs, 2 hits, 0 errors, 1 left on base; Delaware 6 - Nebraska 0
BOTTOM OF THE 5TH
Nebraska Plainsmen batting - Pitching for Delaware 1787 BC : RHP Rudy Byrd
Batting: RHB Hamilton Swan 0-0: Ball
1-0: Ground out 5-3 (Groundball, 56)
Batting: RHB José Durán 0-0: Called Strike
0-1: Ball
1-1: Ball
2-1: Ground out 1-3 (Groundball, 15S)
Batting: LHB Yin-reng Hsueh 0-0: Ball
1-0: DOUBLE (Groundball, 5L)
Batting: SHB Cyrille Baffi 0-0: Called Strike
0-1: Ball
1-1: SINGLE (Groundball, 4D)
Yin-reng Hsueh to third
Runner from 3rd tries for Home, SAFE, throw made home
Batting: SHB Allen Pandey 0-0: Fly out, F8 (Flyball, 8RD)
Bottom of the 5th over - 1 run, 2 hits, 0 errors, 1 left on base; Delaware 6 - Nebraska 1
TOP OF THE 6TH
Delaware 1787 BC batting - Pitching for Nebraska Plainsmen : RHP César Román
Batting: LHB Xuan-ling Liao 0-0: Called Strike
0-1: Called Strike
0-2: Ball
1-2: Fly out, F7 (Flyball, 7)
Batting: RHB Mike Pate 0-0: Fly out, F9 (Line Drive, 89M)
Batting: RHB Jeff Quesenberry 0-0: Ball
1-0: Ground out 6-3 (Groundball, 6)
Top of the 6th over - 0 runs, 0 hits, 0 errors, 0 left on base; Delaware 6 - Nebraska 1
BOTTOM OF THE 6TH
Nebraska Plainsmen batting - Pitching for Delaware 1787 BC : RHP Rudy Byrd
Batting: LHB Gerardo Ponce de Leon 0-0: Ball
1-0: Ball
2-0: Foul Ball, location: 2F
2-1: Ball
3-1: Foul Ball, location: 2F
3-2: Foul Ball, location: 2F
3-2: Base on Balls
Batting: RHB Alco Compagne 0-0: Ball
1-0: Swinging Strike
1-1: Grounds into double play, 1-6-3 (Groundball, 13)
Batting: RHB Shelby Loudenslager 0-0: Ball
1-0: Ground out 6-3 (Groundball, 6)
Bottom of the 6th over - 0 runs, 0 hits, 0 errors, 0 left on base; Delaware 6 - Nebraska 1
TOP OF THE 7TH
Delaware 1787 BC batting - Pitching for Nebraska Plainsmen : RHP César Román
Batting: LHB Bryce Abood 0-0: Ball
1-0: Foul Ball, location: 2F
1-1: Called Strike
1-2: Ball
2-2: SINGLE (Line Drive, 7S)
Pitching: RHP Pedro Ortíz
Batting: SHB Curt Pack 0-0: Called Strike
0-1: Ball
1-1: Called Strike
1-2: Ball
2-2: Fly out, F6 (Popup, 6MD)
Batting: RHB Toyozo Yamasaki 0-0: Ball
1-0: Ground out 5-3 (Groundball, 56S)
Bryce Abood to second
Batting: LHB Hai-feng Tang 0-0: Foul Ball, location: 2F
0-1: Ball
1-1: Foul Ball, location: 2F
1-2: Ball
Wild Pitch!
Bryce Abood to third
2-2: Ball
3-2: Foul Ball, location: 2F
3-2: Foul Ball, location: 2F
3-2: SINGLE (Groundball, 56D)
Bryce Abood scores
Batting: RHB Tobias Jimenez 0-0: Ball
1-0: Foul Ball, location: 2F
1-1: Ball
2-1: Swinging Strike
2-2: SINGLE (Groundball, 4MD)
Hai-feng Tang to second
Runner from 2nd tries for 3rd, SAFE, throw made to third
Batting: RHB Ryobe Sasaki 0-0: Swinging Strike
0-1: Foul Ball, location: 2F
0-2: Ball
1-2: Ball
2-2: Foul Ball, location: 2F
2-2: Ball
3-2: Foul Ball, location: 2F
3-2: Base on Balls
Tobias Jimenez to second
Batting: LHB Xuan-ling Liao 0-0: Foul Ball, location: 2F
0-1: Ground out 5-3 (Groundball, 2L)
Top of the 7th over - 1 run, 3 hits, 0 errors, 3 left on base; Delaware 7 - Nebraska 1
BOTTOM OF THE 7TH
Nebraska Plainsmen batting - Pitching for Delaware 1787 BC : RHP Rudy Byrd
Batting: LHB Bob Knutson 0-0: Ball
1-0: Ball
2-0: SINGLE (Flyball, 5D)
Batting: RHB Hamilton Swan 0-0: Ball
1-0: Grounds into double play, 4-6-3 (Groundball, 34)
Batting: RHB José Durán 0-0: Hit by Pitch
Batting: LHB Yin-reng Hsueh 0-0: SINGLE (Line Drive, 34)
José Durán to second
Runner from 2nd tries for 3rd, SAFE, no throw
Batting: SHB Cyrille Baffi 0-0: Foul Ball, location: 2F
0-1: Ground out 4-3 (Groundball, 4)
Bottom of the 7th over - 0 runs, 2 hits, 0 errors, 2 left on base; Delaware 7 - Nebraska 1
TOP OF THE 8TH
Delaware 1787 BC batting - Pitching for Nebraska Plainsmen : RHP Pedro Ortíz
Batting: RHB Mike Pate 0-0: Ball
1-0: Fly out, F9 (Flyball, 9S)
Batting: RHB Jeff Quesenberry 0-0: Called Strike
0-1: Ball
1-1: SINGLE (Line Drive, 9S)
Batting: LHB Bryce Abood 0-0: Foul Ball, location: 2F
0-1: Ball
1-1: Foul Ball, location: 2F
1-2: Ball
2-2: Ball
3-2: Reached on error, E6 (Groundball, 56)
Jeff Quesenberry to second
Batting: SHB Curt Pack 0-0: Grounds into double play, 3-6-1 (Groundball, 3)
Top of the 8th over - 0 runs, 1 hit, 1 error, 1 left on base; Delaware 7 - Nebraska 1
BOTTOM OF THE 8TH
Nebraska Plainsmen batting - Pitching for Delaware 1787 BC : RHP Rudy Byrd
Batting: SHB Allen Pandey 0-0: Ball
1-0: Ground out 5-3 (Groundball, 2L)
Batting: LHB Gerardo Ponce de Leon 0-0: Foul Ball, location: 2F
0-1: Ground out 1-3 (Groundball, P)
Batting: RHB Alco Compagne 0-0: Foul Ball, location: 2F
0-1: Foul Ball, location: 2F
0-2: Ball
1-2: Ground out 5-3 (Groundball, 56)
Bottom of the 8th over - 0 runs, 0 hits, 0 errors, 0 left on base; Delaware 7 - Nebraska 1
TOP OF THE 9TH
Delaware 1787 BC batting - Pitching for Nebraska Plainsmen : RHP Pedro Ortíz
Batting: RHB Toyozo Yamasaki 0-0: Ball
1-0: Called Strike
1-1: Foul Ball, location: 2F
1-2: Strikes out swinging
Batting: LHB Hai-feng Tang 0-0: Swinging Strike
0-1: Swinging Strike
0-2: Foul Ball, location: 2F
0-2: Ball
1-2: Ball
2-2: Strikes out looking
Batting: RHB Tobias Jimenez 0-0: Called Strike
0-1: Called Strike
0-2: Strikes out swinging
Top of the 9th over - 0 runs, 0 hits, 0 errors, 0 left on base; Delaware 7 - Nebraska 1
BOTTOM OF THE 9TH
Nebraska Plainsmen batting - Pitching for Delaware 1787 BC : RHP Rudy Byrd
Pitching: RHP Woodrow Pelot
Now at C: Tomás Cameros
Batting: RHB Shelby Loudenslager 0-0: Ball
1-0: Called Strike
1-1: Foul Ball, location: 2F
1-2: Foul Ball, location: 2F
1-2: DOUBLE (Line Drive, 7LM)
Batting: LHB Bob Knutson 0-0: Foul Ball, location: 2F
0-1: Ball
1-1: Fly out, F9 (Flyball, 9LDF)
Batting: RHB Hamilton Swan 0-0: Called Strike
0-1: Called Strike
0-2: Foul Ball, location: 2F
0-2: Foul Ball, location: 2F
0-2: Ball
1-2: Strikes out looking
Batting: RHB José Durán 0-0: Called Strike
0-1: Ball
1-1: Called Strike
1-2: Ball
2-2: Foul Ball, location: 2F
2-2: Fly out, F8 (Line Drive, 8LD)
Bottom of the 9th over - 0 runs, 1 hit, 0 errors, 1 left on base; Delaware 7 - Nebraska 1
Tuesday, December 19th, 2017 - OOTP Baseball 18.8 Build 76